 Dungeon Crawl Stone Soup version 0.31-a0-196-g86fe4a5e66 (webtiles) character file.

Game seed: 16245308876885503273

9 Gorgondantess the Conjurer (level 2, 22/22 HPs)
             Began as a Human Wanderer on June 25, 2023.
             Got out of the dungeon alive.
             The game lasted 00:01:01 (378 turns).

Gorgondantess the Conjurer (Human Wanderer)          Turns: 378, Time: 00:01:01

Health: 22/22      AC:  2    Str:  9    XL:     2   Next: 25%
Magic:  3/3        EV: 11    Int: 10    God:
Gold:   57         SH:  0    Dex: 17    Spells: 2/3 levels left

rFire   . . .        a - +0 dagger
rCold   . . .        (no shield)
rNeg    . . .        c - +0 robe
rPois   .            (no helmet)
rElec   .            (no cloak)
rCorr   .            (no gloves)
SInv    .            (no boots)
Will    .....        (no amulet)
Stlth   ++           (no ring)
HPRegen 0.23/turn    (no ring)
MPRegen 0.08/turn

%: no passive effects
@: no status effects
A: no striking features
a: no special abilities


You escaped.
You visited 1 branch of the dungeon, and saw 1 of its levels.

You collected 57 gold pieces.

Inventory:

Hand Weapons
 a - a +0 dagger (weapon)
Armour
 c - a +0 robe (worn)
 e - a +0 leather armour
Scrolls
 b - a scroll of blinking
Potions
 d - 2 potions of curing


   Skills:
 - Level 2.0 Fighting
 + Level 0.2 Dodging
 + Level 0.3 Stealth
 + Level 1.2 Spellcasting
 - Level 5.0 Conjurations
 * Level 1.1 Air Magic
 - Level 2.0 Evocations


You had 2 spell levels left.
You knew the following spells:

 Your Spells              Type           Power      Damage    Failure   Level
a - Shock                 Conj/Air       24%        1d4       10%         1

Your spell library contained the following spells:

 Spells                   Type           Power      Damage    Failure   Level
 Hailstorm                Conj/Ice       5%         3d4       36%         3
 Mephitic Cloud           Conj/Pois/Air  4%         N/A       41%         3


Dungeon Overview and Level Annotations

Branches:
Dungeon (1/15)

Altars:


Message History

A frilled lizard comes into view.
The zap hits the frilled lizard.
You kill the frilled lizard!
You can't see any susceptible monsters within range! (Use Z to cast anyway.)
There is an open door here.
Found a leather armour.
You see here a +0 leather armour.
e - a +0 leather armour An endoplasm comes into view.
You miscast Shock.
You are very lightly contaminated with residual magic.
Nothing appears to happen.
The endoplasm quivers.
The zap hits the endoplasm.
The endoplasm is severely wounded.
The zap hits the endoplasm.
The endoplasm is almost dead.
The endoplasm hits you.
You hit the endoplasm.
You kill the endoplasm!
No target in view!
No target in view!
Your magical contamination has completely faded away.
You open the door.
A kobold comes into view. It is wielding a +0 dagger.
The kobold shouts!
The kobold hits you with a +0 dagger.
There is an open door here.
You closely miss the kobold. The kobold hits you with a +0 dagger.
You hit the kobold.
You kill the kobold!
No target in view!
No target in view!
Found 5 stones.
Found 7 stones.
You see here 5 stones.
There is a stone staircase leading down here.
There is a staircase leading out of the dungeon here.
Are you sure you want to leave the Dungeon?
This will make you lose the game!
You have escaped!

#...# #....# ##########....
#...###....##### ##.. ##
####' #)..#..........###.. .#
#) #####.....####..##.# .# #.
#.....# ##...#.# .######.
#.....###......## ##......#.
#.....##..≈≈≈≈..####..≈≈≈≈...
#........≈≈§≈§§......≈≈≈≈≈≈..
#######..≈≈>@§§......≈≈≈≈≈≈..
##.≈.≈≈§≈§.....≈≈≈≈≈≈.
#..§≈≈≈.§.##...≈≈≈≈..
##.......####.......#
###.....# #######.. #.#####
.. #.# #.# #.#


There were no monsters in sight!

Vanquished Creatures
  3 endoplasms (D:1)
  2 giant cockroaches (D:1)
  A goblin (D:1)
  A frilled lizard (D:1)
  A kobold (D:1)
8 creatures vanquished.

Notes
Turn   | Place    | Note
-------+----------+-------------------------------------------
     0 | D:1      | Gorgondantess the Human Wanderer began the quest for the
                  | Orb.
     0 | D:1      | Gorgondantess set off with the following items: a +0
                  | dagger, a scroll of blinking, a +0 robe, 2 potions of
                  | curing; and the following spell memorised: Shock; and the
                  | following spells available to memorise: Hailstorm, Mephitic
                  | Cloud.
     0 | D:1      | Reached XP level 1. HP: 16/16 MP: 2/2
   171 | D:1      | Reached skill level 1 in Air Magic
   171 | D:1      | Reached XP level 2. HP: 14/22 MP: 0/3
   378 | D:$      | Got out of the dungeon alive.

Illustrated notes

Levels and vault maps discovered:
D:1:      dpeg_arrival_pits, layout_basic, minmay_lizard_pond

Skill      XL: |  1 |
---------------+----+-----
Air Magic      | 1 |  1.1
Fighting       | |  2.0
Dodging        | |  0.2
Stealth        | |  0.3
Spellcasting   | |  1.2
Conjurations   | |  5.0
Evocations     | |  2.0

Action                     || total
---------------------------++-------
  Melee: Dagger            ||    14
   Cast: Shock             ||    11
 Armour: Robe              ||     2
  Dodge: Dodged            ||     3

Table legend: (Time is in decaauts)
 A = Elapsed time spent in this place.
 B = Non-inter-level travel time spent in this place.
 C = Inter-level travel time spent in this place.
 D = Time resting spent in this place.
 E = Time spent auto-exploring this place.
 F = Levels seen in this place.
 G = Mean time per level.
                   A        B        C        D        E       F      G
               +--------+--------+--------+--------+--------+-----+--------+
         Total |    378 |    350 |     28 |      0 |    293 |   1 |  378.0 |
       Dungeon |    378 |    350 |     28 |      0 |    293 |   1 |  378.0 |
               +--------+--------+--------+--------+--------+-----+--------+

Top non-repeatable levels by time:
     D:1: 378 daAuts
